 Dungeon Crawl Stone Soup version 0.25-a0-697-g890751e744 (webtiles) character file.

Game seed: 4575715521557163541, levelgen mode: deterministic

37431 ReteAZ the Impaler (level 13, -2/111 HPs)
             Began as a Merfolk Gladiator on Apr 1, 2020.
             Was an Elder of Ashenzari.
             Slain by an entropy weaver
             ... wielding a +0 short sword
              (8 damage)
             ... on level 5 of the Lair of Beasts.
             The game lasted 00:38:56 (20722 turns).

ReteAZ the Impaler (Merfolk Gladiator)             Turns: 20722, Time: 00:38:57

Health: -2/111     AC: -9    Str: 16    XL:     13   Next: 96%
Magic:  0/17       EV: 29    Int: 14    God:    Ashenzari [****..]
Gold:   1130       SH:  9    Dex: 25    Spells: 12/12 levels left

rFire    + . .     SeeInvis +   p - +3 trident
rCold    . . .     Gourm    .   l - +0 buckler (curse)
rNeg     . . .     Faith    .   x - +1 leather armour of the Blizzard {*Slow Int+7 Dex+4} (curse)
rPois    .         Spirit   +   c - +1 helmet (curse)
rElec    .         Reflect  +   A - scarf {Spirit}
rCorr    .         Harm     .   h - +0 pair of gloves (curse)
MR       .....     Clarity  +   k - +0 pair of boots (curse)
Stlth    +++.......             m - +2 amulet of reflection (curse)
HPRegen  0.28/turn              M - ring of protection from fire (curse)
MPRegen  0.15/turn              C - ring of stealth

@: corroded, slowed, very slow
A: change form in water, swift swim, stealthy swim, fangs 1, agile 1
a: Curse Item, Scrying, Renounce Religion


You were on level 5 of the Lair of Beasts.
You worshipped Ashenzari.
Ashenzari was greatly pleased with you.
You were not hungry.

You visited 3 branches of the dungeon, and saw 17 of its levels.

You collected 1130 gold pieces.

Inventory:

Hand Weapons
 a - a +0 halberd of protection
 p - a +3 trident (weapon)
 G - a +3 spear
Missiles
 j - 432 stones
 D - 15 boomerangs (quivered)
 I - 42 poisoned darts
Armour
 b - a +0 leather armour
 c - a cursed +1 helmet (worn)
 h - a cursed +0 pair of gloves (worn)
 k - a cursed +0 pair of boots (worn)
 l - a cursed +0 buckler (worn)
 x - the cursed +1 leather armour of the Blizzard (worn) {*Slow Int+7 Dex+4}
   (You found it on level 4 of the Dungeon)

   It affects your intelligence (+7).
   It affects your dexterity (+4).
   It may slow you when you take damage.
   It has a curse placed upon it.
 A - a scarf of spirit shield (worn)
 F - +0 steam dragon scales
Jewellery
 m - a cursed +2 amulet of reflection (around neck)
 C - a ring of stealth (right hand)
 M - a cursed ring of protection from fire (left hand)
Wands
 d - a wand of flame (19)
 t - a wand of iceblast (14)
 K - a wand of enslavement (8)
 L - a wand of acid (12)
 O - a wand of clouds (8)
 R - a wand of scattershot (8)
Scrolls
 g - 10 scrolls of teleportation
 n - 6 scrolls of identify
 o - a scroll of enchant armour
 r - 4 scrolls of amnesia
 s - 4 scrolls of remove curse
 w - 2 scrolls of immolation
 y - 5 scrolls of magic mapping
 B - 4 scrolls of blinking
 J - a scroll of fear
Potions
 e - 5 potions of flight
 i - a potion of heal wounds
 v - 2 potions of lignification
 z - 6 potions of curing
 E - 2 potions of might
 H - 3 potions of stabbing
 N - 4 potions of brilliance
 P - a potion of magic
 T - a potion of haste
Miscellaneous
 u - a phantom mirror
Comestibles
 f - 14 rations
 q - 19 chunks of flesh


   Skills:
 + Level 13.2 Fighting
 + Level 15.7 Polearms
 - Level 2.0 Throwing
 - Level 8.0 Armour
 + Level 14.4(16.3) Dodging
 - Level 4.0(6.1) Shields
 - Level 6.3(8.6) Evocations


You had 12 spell levels left.
You didn't know any spells.
Your spell library contained the following spells:

 Spells                   Type           Power        Failure   Level  Hunger
 Beastly Appendage        Tmut           #.....       30%         1    ##.....
 Freeze                   Ice            #...         30%         1    ##.....
 Corpse Rot               Necr/Air       N/A          43%         2    ###....
 Sticks to Snakes         Tmut           #.......     43%         2    ###....
 Sublimation of Blood     Necr           #.........   43%         2    ###....
 Frozen Ramparts          Ice            #.....       67%         3    ####...
 Ozocubu's Armour         Chrm/Ice       #.......     67%         3    ####...
 Spider Form              Tmut/Pois      #.........   67%         3    ####...
 Dispel Undead            Necr           #.......     97%         4    #####..
 Hailstorm                Conj/Ice       #.......     97%         4    #####..
 Ice Form                 Ice/Tmut       #.......     97%         4    #####..
 Summon Ice Beast         Ice/Summ       #.......     97%         4    #####..
 Agony                    Necr           #.......     100%        5    ######.
 Blade Hands              Tmut           #.........   100%        5    ######.
 Excruciating Wounds      Chrm/Necr      #.........   100%        5    ######.


Dungeon Overview and Level Annotations

Branches:
Dungeon (11/15)            Temple (1/1) D:5            Lair (5/6) D:11
 Shoals (0/4) Lair:3        Snake (0/4) Lair:4          Orc (0/2) D:9
  Slime: Lair:5-6

Altars:
Ashenzari
Cheibriados
Elyvilon
Fedhas
Hepliaklqana
Kikubaaqudgha
Nemelex Xobeh
Sif Muna
Uskayaw
Vehumet
Wu Jian
Xom
Jiyva

Annotations:
D:3 1 runed translucent door, triki's ghost, amateur KoAr
Lair:3 exclusion: 4 oklob plants


Innate Abilities, Weirdness & Mutations

You revert to your normal form in water.
You are very nimble and swift while swimming.
You are very stealthy in the water. (Stealth+)
You have very sharp teeth.
You are agile. (Dex +2)


Message History

You block the entropy weaver's attack.
You closely miss the entropy weaver.
The entropy weaver is severely wounded.
The entropy weaver completely misses you.
The entropy weaver hits you with a +0 short sword.
* * * LOW HITPOINT WARNING * * *
The entropy weaver completely misses you.
The entropy weaver hits you with a +0 short sword!
* * * LOW HITPOINT WARNING * * *
Evoke which item? (* to show all) (? for menu, Esc to quit)
Aiming: Corrosive Bolt
Press: ? - help, Shift-Dir - straight line, f/p - entropy weaver
Aim: an entropy weaver, wielding a +0 short sword (severely wounded)
The bolt of acid misses the entropy weaver.
You block the entropy weaver's attack.
The entropy weaver hits you with a +0 short sword!!
* * * LOW HITPOINT WARNING * * *
You block the entropy weaver's attack.
The entropy weaver hits you with a +0 short sword!
You die...

##* *#**#######*### *** ##
#P####.##.#..##.##.### *
#..#.....##............#. , ,
,........................< ,
..............####.#...).. ,
.............########..... ,
,,........a...#.....##.#....
, .........@..###†...#.#....
,,,
,.........a...#......##.... ,
,, ............##÷.....##....
,,,
............#a.....##..... ,
, .......<.....###..####....
, ....(...$....#####.#*#....
,,..............#.##.#......
,,,...........=..............
, ,,,
............#..#.#####....


You could see an entropy weaver and a soldier ant.

Vanquished Creatures
  An entropy weaver (Lair:5)
  Josephine (D:10)
  6 hydras
  Erica (D:10)
  A queen ant (Lair:4)
  An unseen horror (D:11)
  A necromancer (Lair:4)
  2 oklob plants (Lair:3)
  3 black mambas
  Maurice (D:9)
  10 elephants
  7 spiny frogs
  Maggie (D:6)
  6 komodo dragons
  2 hornets (D:11)
  3 trolls
  14 blink frogs
  6 polar bears
  A snapping turtle (Lair:3)
  A slime creature (D:11)
  5 hippogriffs
  A wyvern (Lair:3)
  4 wraiths (D:10)
  A vampire (D:10)
  2 basilisks
  9 yaks
  A hungry ghost (D:11)
  Menkaure (D:6)
  3 nagas (Lair:4)
  12 soldier ants
  2 water moccasins (Lair:2)
  8 porcupines
  Duvessa (D:6)
  4 orc warriors
  2 black bears
  3 elephant zombies (Lair:4)
  2 sky beasts
  An ice beast (D:9)
  3 ogres
  An eye of draining (D:9)
  30 wolves
  A centaur (D:6)
  8 crocodiles
  2 big kobolds
  11 bullfrogs
  Dowan (D:6)
  3 scorpions
  8 killer bees
  5 wights (D:6)
  2 electric eels (Lair:3)
  3 crimson imps
  3 bullfrog zombies
  6 lava snakes (D:8)
  A basilisk zombie (Lair:4)
  6 jellies
  2 centaur skeletons
  6 hounds
  4 orc priests
  3 iguanas
  9 orc wizards
  27 worker ants
  A hound zombie (D:5)
  7 gnolls
  A howler monkey skeleton (D:4)
  9 adders
  2 shadow imps
  12 white imps (D:11)
  6 oozes
  4 adder skeletons
  2 adder zombies (D:8)
  3 worms
  2 dart slugs
  11 leopard geckos
  39 orcs
  5 bats
  4 giant cockroaches
  5 goblins
  8 hobgoblins
  5 jackals
  3 quokkas
  A ball python zombie (D:5)
  6 frilled lizards
  A jackal zombie (D:6)
  15 kobolds
  A leopard gecko skeleton (D:4)
  A quokka skeleton (D:9)
  13 rats
  3 plants (Lair:3)
446 creatures vanquished.

Vanquished Creatures (others)
  8 fungi
  13 plants
21 creatures vanquished.

Grand Total: 467 creatures vanquished

Notes
Turn   | Place    | Note
-------+----------+-------------------------------------------
     0 | D:1      | ReteAZ the Merfolk Gladiator began the quest for the Orb.
     0 | D:1      | Reached XP level 1. HP: 16/16 MP: 1/1
   176 | D:1      | Reached skill level 5 in Polearms
   178 | D:1      | Reached XP level 2. HP: 22/22 MP: 2/2
   731 | D:2      | Reached skill level 6 in Polearms
   731 | D:2      | Reached XP level 3. HP: 19/27 MP: 3/3
  1001 | D:2      | Reached skill level 7 in Polearms
  1001 | D:2      | Reached XP level 4. HP: 26/33 MP: 4/4
  1746 | D:3      | Reached skill level 8 in Polearms
  1757 | D:3      | Reached XP level 5. HP: 38/38 MP: 5/5
  2083 | D:3      | Found a runed translucent door,
  2083 | D:3      | Noticed triki's ghost (amateur KoAr)
  2839 | D:4      | Reached skill level 9 in Polearms
  3000 | D:4      | Got a shimmering leather armour
  3011 | D:4      | Identified the cursed +1 leather armour of the Blizzard
                  | {*Slow Int+7 Dex+4} (You found it on level 4 of the
                  | Dungeon)
  3090 | D:4      | Reached XP level 6. HP: 44/44 MP: 6/6
  3330 | D:4      | Found a sparkling altar of Nemelex Xobeh,
  3425 | D:5      | Entered Level 5 of the Dungeon
  3686 | D:5      | Found a staircase to the Ecumenical Temple,
  3695 | Temple   | Entered the Ecumenical Temple
  3744 | Temple   | Became a worshipper of Ashenzari the Shackled
  3786 | D:5      | Reached skill level 10 in Polearms
  4216 | D:5      | Reached XP level 7. HP: 23/50 MP: 7/7
  4400 | D:5      | Reached skill level 11 in Polearms
  4971 | D:6      | Reached skill level 1 in Shields
  5072 | D:6      | Noticed Dowan
  5080 | D:6      | Noticed Menkaure
  5335 | D:6      | Noticed Maggie
  5356 | D:6      | Killed Maggie
  5356 | D:6      | Reached skill level 5 in Dodging
  5356 | D:6      | Reached XP level 8. HP: 14/60 MP: 2/8
  5366 | D:6      | Killed Menkaure
  5410 | D:6      | Gained mutation: You are agile. (Dex +2) [potion of
                  | mutation]
  5410 | D:6      | Gained mutation: You have very sharp teeth. [potion of
                  | mutation]
  5427 | D:6      | Reached skill level 12 in Polearms
  5921 | D:6      | Noticed Duvessa
  5941 | D:6      | Killed Duvessa
  5941 | D:6      | Reached skill level 5 in Fighting
  5955 | D:6      | Killed Dowan
  5955 | D:6      | Reached XP level 9. HP: 66/68 MP: 9/9
  6998 | D:7      | Reached * piety under Ashenzari
  8550 | D:9      | Noticed Maurice
  8566 | D:9      | Killed Maurice
  8566 | D:9      | Reached skill level 10 in Dodging
  8566 | D:9      | Reached XP level 10. HP: 58/80 MP: 7/10
  9160 | D:9      | Found a staircase to the Orcish Mines,
  9348 | D:10     | Entered Level 10 of the Dungeon
  9374 | D:10     | Reached ** piety under Ashenzari
  9420 | D:10     | Reached skill level 13 in Polearms
  9635 | D:10     | Reached skill level 1 in Evocations
  9805 | D:10     | Noticed Josephine
  9837 | D:10     | Killed Josephine
 10135 | D:10     | Reached XP level 11. HP: 89/89 MP: 13/13
 10293 | D:10     | Noticed Erica
 10313 | D:10     | Killed Erica
 10447 | D:10     | Found an ancient bone altar of Kikubaaqudgha,
 10665 | D:10     | Reached skill level 14 in Polearms
 10880 | D:11     | Reached skill level 10 in Fighting
 11016 | D:11     | Found a viscous altar of Jiyva,
 11093 | D:11     | Paralysed by a hornet for 3 turns
 11329 | D:11     | Found a staircase to the Lair,
 11343 | D:11     | Found a frozen archway,
 11373 | D:11     | Killed an unseen horror
 11715 | D:11     | Paralysed by a hornet for 2 turns
 12084 | Lair:1   | Entered Level 1 of the Lair of Beasts
 12088 | Lair:1   | Noticed a six-headed hydra
 12096 | Lair:1   | Reached skill level 5 in Evocations
 12111 | Lair:1   | Killed a six-headed hydra
 12824 | Lair:1   | Reached skill level 1 in Armour
 13486 | Lair:1   | Reached *** piety under Ashenzari
 13518 | Lair:1   | Reached XP level 12. HP: 89/100 MP: 14/16
 15193 | Lair:2   | Reached skill level 5 in Armour
 16266 | Lair:3   | Noticed a five-headed hydra
 16424 | Lair:3   | Reached **** piety under Ashenzari
 16461 | Lair:3   | Found a staircase to the Shoals,
 16729 | Lair:3   | Killed a five-headed hydra
 16934 | Lair:3   | Reached XP level 13. HP: 86/108 MP: 13/17
 18900 | Lair:4   | Found a staircase to the Snake Pit,
 18940 | Lair:4   | Reached skill level 15 in Polearms
 19716 | Lair:5   | Noticed an entropy weaver
 20027 | Lair:5   | Noticed an entropy weaver
 20040 | Lair:5   | Killed an entropy weaver
 20722 | Lair:5   | Slain by an entropy weaver

Levels and vault maps discovered:
D:1:      dpeg_arrival_houses_and_road, layout_basic
D:2:      minmay_recursive_quarters, layout_loops_ring, first_ration
D:3:      layout_basic, gammafunk_ghost_grave
D:4:      layout_loops_ring, nemelex_xobeh_ov_fountains_minmay
D:5:      layout_rooms, temple_pool_b
D:6:      layout_cave_pools, kennysheep_generic_room_11, uniq_duvessa,
          uniq_menkaure, uniq_maggie
D:7:      layout_basic, minmay_lizard_king
D:8:      layout_loops_ring, kennysheep_boxes
D:9:      layout_loops_corners, orc_0_dummy, uniq_maurice
D:10:     layout_stronghold, basic_altar, hangedman_little_slice_of_home,
          st_stairs_5, uniq_erica, uniq_josephine
D:11:     layout_roguey, lair_entry_dummy, portal_ice_cave_entry_imps,
          jiyva_altar_1
Temple:   regret_index_temple_sigil_plot
Lair:1:   beast_lair_carwin_large_2, layout_small_grid, hibernation_bobbens
Lair:2:   layout_chaotic_city, patterned_corridor, grunt_megastairs_2
Lair:3:   minmay_lair_oklob_tunnel, layout_chaotic_city,
          minmay_shoals_entry_hut, grunt_megastairs_1,
          minmay_lair_oklob_chamber, infiniplex_staircase_pool
Lair:4:   pond_and_an_island_with_a_cottage, layout_concentric_octagons,
          guppyfry_snake_entry_garden, grunt_forest_large_clearings
Lair:5:   regret_index_wax_grids, layout_long_grid, dpeg_slime_entry_corner,
          minivault_29

Skill      XL: |  1  2  3  4  5  6  7  8  9 10 11 12 13 |
---------------+----------------------------------------+-----
Polearms       | 5 6 7 8 9 10 11 12 13 14 15 | 15.7
Shields        | 2 4 |  4.0
Fighting       | 3 5 8 9 11 12 13 | 13.2
Dodging        | 5 7 10 11 12 14 | 14.4
Evocations     | 3 6 |  6.3
Armour         | 2 7 8 |  8.0
Throwing       | |  2.0

Action                   |  1- 3 |  4- 6 |  7- 9 | 10-12 | 13-15 || total
-------------------------+-------+-------+-------+-------+-------++-------
Melee: Trident           |    83 |   242 |   472 |  1098 |   864 ||  2759
       Bite              |       |       |    46 |   187 |   167 ||   400
       Tailslap          |       |       |       |     8 |     7 ||    15
Throw: Boomerang         |       |       |    11 |       |    15 ||    26
       Throwing net      |       |       |     5 |     1 |       ||     6
       Dart              |       |       |    19 |    29 |       ||    48
Invok: Curse Item        |       |     3 |       |     3 |       ||     6
Evoke: Wand              |       |       |    12 |     3 |    13 ||    28
  Use: Potion            |       |       |     4 |     1 |     1 ||     6
       Scroll            |       |       |       |    19 |     3 ||    22
 Stab: Sleeping          |     1 |     1 |     5 |    11 |     2 ||    20
       Distracted        |       |     1 |       |     2 |     3 ||     6
       Held in net/web   |       |       |     8 |     5 |       ||    13
  Eat: Chunk             |       |    11 |    10 |    18 |    10 ||    49
       Ration            |       |       |     1 |     3 |     1 ||     5
Armor: Leather armour    |    20 |    57 |    31 |    64 |    72 ||   244
Dodge: Dodged            |    54 |   109 |   184 |   549 |   690 ||  1586
Block: Other             |       |     3 |       |       |       ||     3
       Buckler           |       |       |   114 |   258 |   333 ||   705
       Reflection        |       |       |    10 |     1 |     1 ||    12

Table legend:
 A = Non-vault XP
 B = Vault XP
 C = Vault XP percentage of total XP
 D = Non-vault monster count
 E = Vault monster count
 F = Vault count percentage of total count
                 A         B        C        D         E       F
            +---------+---------+-------+---------+---------+-------
      Total |   33152 |   20322 |  38.0 |     305 |     138 |  31.2
            +---------+---------+-------+---------+---------+-------
        D:1 |      22 |       0 |   0.0 |      12 |       0 |   0.0
        D:2 |      82 |      56 |  40.6 |      21 |      11 |  34.4
        D:3 |      80 |       0 |   0.0 |      17 |       0 |   0.0
        D:4 |     105 |       0 |   0.0 |      15 |       0 |   0.0
        D:5 |     470 |       0 |   0.0 |      22 |       0 |   0.0
        D:6 |     989 |     777 |  44.0 |      27 |       5 |  15.6
        D:7 |     872 |     112 |  11.4 |      27 |       4 |  12.9
        D:8 |     819 |       0 |   0.0 |      24 |       0 |   0.0
        D:9 |    1152 |     469 |  28.9 |      10 |       1 |   9.1
       D:10 |    1083 |    3318 |  75.4 |      24 |      17 |  41.5
       D:11 |    2953 |     501 |  14.5 |      26 |      16 |  38.1
     Lair:1 |    3605 |    1870 |  34.2 |      11 |       7 |  38.9
     Lair:2 |    7943 |     367 |   4.4 |      28 |       2 |   6.7
     Lair:3 |    4060 |    4662 |  53.5 |      18 |      19 |  51.4
     Lair:4 |    8184 |    4516 |  35.6 |      19 |      28 |  59.6
     Lair:5 |     733 |    3674 |  83.4 |       4 |      28 |  87.5
            +---------+---------+-------+---------+---------+-------
